 Dungeon Crawl Stone Soup version 0.28-a0-769-g550dbda0cd (webtiles) character file.

Game seed: 7881899282931627062

183 jasper the Charlatan (level 5, -1/39 HPs)
             Began as a Demonspawn Artificer on Oct 31, 2021.
             Was a Follower of Nemelex Xobeh.
             Slain by a hobgoblin (7 damage)
             ... on level 2 of the Dungeon.
             The game lasted 00:03:56 (2554 turns).

jasper the Charlatan (Demonspawn Artificer)         Turns: 2554, Time: 00:03:57

Health: -1/39      AC:  8    Str: 12    XL:     5   Next: 35%
Magic:  6/6        EV: 11    Int: 12    God:    Nemelex Xobeh [*.....]
Gold:   35         SH:  0    Dex: 15    Spells: 4/4 levels left

rFire   . . .      SeeInvis .     - Unarmed
rCold   . . .      Faith    .   (no shield)
rNeg    . . .      Spirit   .   c - +1 ring mail
rPois   .          Reflect  .   (no helmet)
rElec   .          Harm     .   (no cloak)
rCorr   .          Rampage  .   (no gloves)
Will    .....                   (no boots)
Stlth   +.........              (no amulet)
HPRegen 0.13/turn               (no ring)
MPRegen 0.10/turn               (no ring)

@: no status effects
A: claws 1, molten scales 1
a: Renounce Religion, Draw Escape, Draw Destruction, Draw Summoning


You were on level 2 of the Dungeon.
You worshipped Nemelex Xobeh.
Nemelex Xobeh was aware of your devotion.
You visited 1 branch of the dungeon, and saw 2 of its levels.

You collected 35 gold pieces.

Inventory:

Hand Weapons
 a - a +0 club
 h - a +0 short sword
Missiles
 g - 87 stones (quivered)
Armour
 b - a +0 leather armour
 c - a +1 ring mail (worn)
Wands
 d - a wand of charming (11)
Scrolls
 j - a scroll of enchant armour
 l - a scroll of teleportation {unknown}
Potions
 f - 2 potions of flight {unknown}
 i - a potion of heal wounds {unknown}
 k - a potion of curing
 m - a potion of degeneration {unknown}
Miscellaneous
 e - a piece from Xom's chessboard (15/15)


   Skills:
 + Level 2.6 Fighting
 + Level 2.9 Armour
 + Level 2.3 Dodging
 - Level 0.8 Stealth
 * Level 1.9 Unarmed Combat
 + Level 1.3 Invocations
 - Level 3.0 Evocations


You had 4 spell levels left.
You didn't know any spells.
Your spell library contained the following spells:

 Spells                   Type           Power      Damage    Failure   Level
 Airstrike                Air            0%         N/A       100%        4
 Summon Lightning Spire   Summ/Air       0%         N/A       100%        4
 Lightning Bolt           Conj/Air       0%         1d11      100%        5


Dungeon Overview and Level Annotations

Branches:
Dungeon (2/15)

Altars:
Nemelex Xobeh


Innate Abilities, Weirdness & Mutations

You have sharp fingernails.
You are partially covered in molten scales. (AC +2)


Message History

* * * LOW HITPOINT WARNING * * *
You take 9 damage, and have 8/39 hp.
MASSIVE DAMAGE!!
You scratch the worm.
The worm is lightly wounded.
You scratch the worm but do no damage.
The worm is lightly wounded.
The worm closely misses you.
There is an open door here.
You draw a card...
You have drawn Vitriol.
Press: ? - help, Shift-Dir - straight line, f - worm
Aim: a worm The glob of acid misses the worm.
You draw a card...
You have drawn Vitriol.
Press: ? - help, Shift-Dir - straight line, f/p - worm
Aim: a worm The glob of acid hits the worm!!
The acid corrodes the worm!
You kill the worm!
The deck of cards glows with a rainbow of weird colours and disappears.
There is an open door here.
You see here a worm corpse.
As you close the door, pushing everything out of the way, it creaks loudly!
You hear a shout!
Items here: ) †††††.
A hobgoblin comes into view.
It is wielding a +0 flail of holy wrath.
The hobgoblin moves out of view.
There is a stone staircase leading up here.
You start resting.
A hobgoblin is nearby!
You climb upwards.
There is a stone staircase leading down here.
You start resting.
Magic restored.
MP restored: 6 You climb downwards.
The hobgoblin hits you with a +0 flail of holy wrath.
* * * LOW HITPOINT WARNING * * *
You convulse!
You die...
Your body disappears without a glow.

...........'...8............
###.......##................
#.##..#.###.......######.#
#.###.#.# ##.....## # #.#
#.#.# ##...## #.. ..#.#
##+## #.. ###.# #.# #.. #.#
#)# #... #@# #.g.# #......
##...### #..#. ...... #...#.
#... #?


You could see a hobgoblin.

Vanquished Creatures
  Natasha (twice) (D:2)
  3 adders (D:2)
  An adder zombie (D:2)
  2 adder skeletons (D:2)
  A worm (D:2)
  A dart slug (D:1)
  2 bat zombies (D:2)
  3 endoplasms (D:1)
  6 giant cockroaches
  5 goblins
  6 hobgoblins
  3 quokkas
  3 ball pythons
  A ball python skeleton (D:2)
  6 bats (D:1)
  4 frilled lizards (D:1)
  A giant cockroach zombie (D:2)
  6 kobolds
  A quokka skeleton (D:2)
57 creatures vanquished.

Vanquished Creatures (collateral kills)
  Jessica (D:2)
1 creature vanquished.

Vanquished Creatures (others)
  An adder (D:2)
  2 demonic plants (D:2)
  3 withered plants (D:2)
6 creatures vanquished.

Grand Total: 64 creatures vanquished

Notes
Turn   | Place    | Note
-------+----------+-------------------------------------------
     0 | D:1      | jasper the Demonspawn Artificer began the quest for the
                  | Orb.
     0 | D:1      | Reached XP level 1. HP: 15/15 MP: 1/1
    20 | D:1      | Reached skill level 1 in Dodging
   233 | D:1      | Gained mutation: You are partially covered in molten
                  | scales. (AC +2) [demonic ancestry]
   233 | D:1      | Reached XP level 2. HP: 11/21 MP: 2/2
  1018 | D:1      | Reached XP level 3. HP: 24/27 MP: 3/3
  1550 | D:2      | Noticed Jessica
  1565 | D:2      | Killed Jessica
  1573 | D:2      | Gained mutation: You have sharp fingernails. [demonic
                  | ancestry]
  1573 | D:2      | Reached XP level 4. HP: 33/33 MP: 4/4
  1626 | D:2      | Found a faded altar of an unknown god.
  1626 | D:2      | Noticed a smoke demon
  1635 | D:2      | Prayed at the altar of an unknown god.
  1635 | D:2      | Became a worshipper of Nemelex Xobeh the Trickster
  1635 | D:2      | Reached * piety under Nemelex Xobeh
  1692 | D:2      | Reached skill level 1 in Unarmed Combat
  1741 | D:2      | Noticed Natasha
  1768 | D:2      | Killed Natasha
  2089 | D:2      | Received a gift from Nemelex Xobeh
  2098 | D:2      | Noticed Natasha
  2114 | D:2      | Killed Natasha
  2115 | D:2      | Reached skill level 1 in Invocations
  2115 | D:2      | Reached XP level 5. HP: 22/39 MP: 5/5
  2554 | D:2      | Slain by a hobgoblin

Illustrated notes

Levels and vault maps discovered:
D:1:      dpeg_arrival_castle, layout_basic, minmay_misc_feat_room,
          minmay_cupped
D:2:      layout_loops_corners, dreamdust_ecumenical_altar_sealed_demon,
          serial_undead, serial_undead_c, serial_undead_e, serial_undead_b,
          serial_undead_f, serial_undead_b, serial_undead_a, serial_undead_d,
          serial_undead_d, serial_undead_f, serial_undead_c, minmay_tall_x,
          uniq_sigmund, uniq_jessica, uniq_natasha

Skill      XL: |  1  2  3  4 |
---------------+-------------+-----
Dodging        | 1 2 |  2.3
Armour         | 2 |  2.9
Fighting       | 2 |  2.6
Unarmed Combat | 1 |  1.9
Invocations    | 1 |  1.3
Stealth        | |  0.8
Evocations     | |  3.0

Action                   |  1- 3 |  4- 6 || total
-------------------------+-------+-------++-------
Melee: Short sword       |    99 |       ||    99
       Club              |     2 |       ||     2
       Unarmed           |       |   185 ||   185
       Punch             |       |     1 ||     1
Throw: Stone             |    38 |     1 ||    39
Invok: Draw Destruction  |       |     3 ||     3
Evoke: Wand              |    19 |       ||    19
  Use: Scroll            |     3 |       ||     3
Armor: Leather armour    |    10 |       ||    10
       Ring mail         |    44 |    71 ||   115
Dodge: Dodged            |    67 |    97 ||   164

Table legend: (Time is in decaauts)
 A = Elapsed time spent in this place.
 B = Non-inter-level travel time spent in this place.
 C = Inter-level travel time spent in this place.
 D = Time resting spent in this place.
 E = Time spent auto-exploring this place.
 F = Levels seen in this place.
 G = Mean time per level.
                   A        B        C        D        E       F      G
               +--------+--------+--------+--------+--------+-----+--------+
         Total |   2575 |   2560 |     15 |    150 |   1760 |   2 | 1287.5 |
       Dungeon |   2575 |   2560 |     15 |    150 |   1760 |   2 | 1287.5 |
               +--------+--------+--------+--------+--------+-----+--------+

Top non-repeatable levels by time:
     D:1: 1566 daAuts
     D:2: 1009 daAuts
